 Dungeon Sprint DCSS version 0.27-a0-463-gec7707c53d (webtiles) character file.

Game seed: 15968635383818945582

5627 rocky1 the Geomancer (level 10, -10/83 HPs)
             Began as a White Draconian Earth Elementalist on Mar 1, 2021.
             Was a High Priest of Sif Muna.
             Killed from afar by a nagaraja (29 damage)
             ... with a bolt of poison
             ... in the Dungeon (Sprint VII: "The Pits").
             The game lasted 00:10:44 (1211 turns).

rocky1 the Geomancer (DrEE)                         Turns: 1211, Time: 00:10:46

Health: -10/83     AC:  7    Str: 10    XL:     10   Next: 46%
Magic:  13/25      EV: 18    Int: 20    God:    Sif Muna [*****.]
Gold:   0          SH:  0    Dex: 14    Spells: 6/31 levels left

rFire    . . .     SeeInvis .   r - +4 quarterstaff (speed)
rCold    + . .     Faith    .   (shield currently unavailable)
rNeg     . . .     Spirit   .   (armour unavailable)
rPois    .         Reflect  .   (helmet restricted)
rElec    .         Harm     .   (no cloak)
rCorr    .         Rampage  .   (no gloves)
Will     .....     NoTele   +   (no boots)
Stlth    ++........             (no amulet)
HPRegen  0.23/turn              h - +3 ring of dexterity
MPRegen  0.19/turn              n - +3 ring of evasion

@: lethally poisoned (-10 -> -36), short of breath
A: breathe frost, unfitting armour, cold resistance 1, cold-blooded, AC +7
a: Breathe Frost, Renounce Religion, Channel Magic, Forget Spell, Divine
Exegesis


You were in the Dungeon.
You worshipped Sif Muna.
Sif Muna was extremely pleased with you.
You visited 1 branch

Inventory:

Hand Weapons
 k - a +1 long sword of holy wrath
 l - a +1 broad axe of flaming
 m - a +2 whip of freezing
 r - a +4 quarterstaff of speed (weapon)
 s - a +2 dire flail of protection
Missiles
 b - 25 stones
Jewellery
 h - a +3 ring of dexterity (left hand)
 n - a +3 ring of evasion (right hand)
Wands
 t - a wand of polymorph (5)
Scrolls
 i - 5 scrolls of amnesia
 j - a scroll of summoning
Potions
 a - 2 potions of invisibility
 c - 7 potions of curing
 d - 8 potions of heal wounds
 e - a potion of haste
 f - 3 potions of magic
 g - 4 potions of berserk rage
 o - 2 potions of resistance
 p - a potion of brilliance
 q - 2 potions of mutation


   Skills:
 + Level 6.2 Fighting
 + Level 5.6 Staves
 + Level 5.5 Dodging
 - Level 1.7 Stealth
 + Level 11.3 Spellcasting
 + Level 2.4 Conjurations
 + Level 2.6 Transmutations
 + Level 14.7 Earth Magic
 + Level 13.0 Invocations


You had 6 spell levels left.
You knew the following spells:

 Your Spells              Type           Power        Failure   Level
a - Sandblast             Erth           100%         0%          1
b - Stone Arrow           Conj/Erth      90%          1%          3
c - Lee's Rapid Deconstr  Erth           31%          1%          5
d - Statue Form           Tmut/Erth      30%          26%         6
e - Iron Shot             Conj/Erth      22%          26%         6
f - Petrify               Tmut/Erth      46%          1%          4

Your spell library contained the following spells:

 Spells                   Type           Power        Failure   Level
 Passwall                 Tmut/Erth      38%          1%          2
 Leda's Liquefaction      Hex/Erth       20%          3%          4
 Ignite Poison            Fire/Tmut/Pois 14%          13%         3
 Bolt of Magma            Conj/Fire/Erth 17%          16%         5
 Fireball                 Conj/Fire      8%           71%         5
 Starburst                Conj/Fire      8%           99%         6
 Ignition                 Fire           5%           100%        8
 Shatter                  Erth           31%          100%        9
 Animate Armour           Summ/Erth      Unusable     N/A         4

Dungeon Overview and Level Annotations

Branches:
Dungeon (1/1)

Altars:
Ashenzari
Cheibriados
Dithmenos
Elyvilon
Fedhas
Gozag
Hepliaklqana
Kikubaaqudgha
Makhleb
Nemelex Xobeh
Okawaru
Qazlal
Ru
Sif Muna
Trog
Uskayaw
Vehumet
Wu Jian
Xom
Yredelemnul
Zin
The Shining One
Beogh
Jiyva
Lugonu


Innate Abilities, Weirdness & Mutations

You can breathe waves of freezing cold.
You can buffet flying creatures when you breathe cold.
Your icy white scales are hard. (AC +7)
You cannot fit into any form of body armour.
Your flesh is cold resistant. (rC+)
You are cold-blooded and may be slowed by cold attacks.


Message History

The nagaraja seems to speed up.
Items here: ( )) [ ††.
Unknown command.
You barely miss the nagaraja.
The nagaraja is heavily wounded.
The nagaraja gestures at you while chanting.
The lance of force hits you!!
You are knocked back by the lance of force.
You slam into the metal wall!
* * * LOW HITPOINT WARNING * * *
You feel much better.
You feel sick. The nagaraja spits poison at you.
The splash of poison misses you.
The nagaraja gestures at you while chanting.
The bolt of poison misses you.
Unknown command.
You feel much better.
You feel sick. Magic courses through your body. The redback bites you!
The redback closely misses you.
Unknown command.
Casting: Sandblast (safe; 0% risk of failure)
Confirm with . or Enter, or press ? or * to list all spells.
You don't know that spell.
You feel sick.
Unknown command.
Casting: Sandblast (safe; 0% risk of failure)
Confirm with . or Enter, or press ? or * to list all spells.
Aiming: Lee's Rapid Deconstruction (mildly dangerous; 1% risk of failure)
Press: ? - help, Dir - move target, p - nagaraja A metal wall.
The metal wall shatters!
The blast of metal fragments hits the nagaraja!!
The nagaraja is almost dead.
You hear a chilling moan.
You feel sick. The redback bites you!
* * * LOW HITPOINT WARNING * * *
The nagaraja gestures at you while chanting.
The bolt of poison hits you!!
You are lethally poisoned!
You die...

###'##................#
))'.##......#..#......#
###.##................+
.....'................+
'#####......#..#......#
)#..##................#
.#).#####'#####''######
.#))##.......##''#
##))##.......##.@##
.#[[##.......##.Ns##
.#'###...<...###..g##'##.
....##.......# ##).†...g.
....##.......# #.:###)###
######.......##.t## ..
.#..###########.. ..
.#.############.. #
.#÷#....#..[[###.


You could see a nagaraja (fast), a redback and a goblin.

Vanquished Creatures
  A death yak (D)
  Pikel (D)
  A lindwurm (D)
  A cyclops (D)
  Joseph (D)
  A black mamba (D)
  A kobold demonologist (D)
  A guardian mummy (D)
  A polar bear (D)
  A jumping spider (D)
  6 dream sheep (D)
  Prince Ribbit (D)
  A wyvern (D)
  A floating eye (D)
  A black bear (D)
  2 ice beasts (D)
  A sky beast (D)
  A wolf (D)
  A lemure (D)
  2 scorpions (D)
  A crimson imp (D)
  An iron imp (D)
  An iguana (D)
  A gnoll (D)
  A river rat (D)
  A white imp (D)
  A leopard gecko (D)
  An orc (D)
  2 giant cockroaches (D)
  2 goblins (D)
  3 jackals (D)
  A ball python skeleton (D)
43 creatures vanquished.

Notes
Turn   | Place    | Note
-------+----------+-------------------------------------------
     0 | D        | rocky1 the Draconian Earth Elementalist began the quest for
                  | the Orb.
     0 | D        | Reached XP level 1. HP: 14/14 MP: 3/3
    11 | D        | Noticed a floating eye
    13 | D        | Paralysed by a floating eye for 2 turns
    19 | D        | Paralysed by a floating eye for 2 turns
    21 | D        | Killed a floating eye
    22 | D        | Reached skill level 9 in Earth Magic
    22 | D        | Reached XP level 2. HP: 20/20 MP: 5/5
    22 | D        | Reached XP level 3. HP: 26/26 MP: 6/6
    22 | D        | Reached XP level 4. HP: 33/33 MP: 7/7
    51 | D        | Found a bloodstained altar of Trog.
    51 | D        | Found a shimmering blue altar of Sif Muna.
    51 | D        | Found a viscous altar of Jiyva.
    51 | D        | Found a hazy altar of Hepliaklqana.
    51 | D        | Found an opulent altar of Gozag.
    52 | D        | Found a glowing golden altar of the Shining One.
    52 | D        | Found a glowing silver altar of Zin.
    52 | D        | Found a basalt altar of Yredelemnul.
    52 | D        | Found a shimmering altar of Xom.
    52 | D        | Found an ornate altar of the Wu Jian Council.
    52 | D        | Found a sacrificial altar of Ru.
    52 | D        | Found a stormy altar of Qazlal.
    52 | D        | Found an iron altar of Okawaru.
    52 | D        | Found a sparkling altar of Nemelex Xobeh.
    52 | D        | Found a burning altar of Makhleb.
    52 | D        | Found a blossoming altar of Fedhas.
    52 | D        | Found a white marble altar of Elyvilon.
    52 | D        | Found a shadowy altar of Dithmenos.
    52 | D        | Found a snail-covered altar of Cheibriados.
    55 | D        | Found a corrupted altar of Lugonu.
    55 | D        | Found a radiant altar of Vehumet.
    55 | D        | Found a roughly hewn altar of Beogh.
    56 | D        | Found an ancient bone altar of Kikubaaqudgha.
    56 | D        | Found a hide-covered altar of Uskayaw.
    56 | D        | Found a broken altar of Ashenzari.
    57 | D        | Became a worshipper of Sif Muna the Loreminder
    74 | D        | Reached skill level 1 in Invocations
    91 | D        | Reached * piety under Sif Muna
   101 | D        | Reached ** piety under Sif Muna
   135 | D        | Noticed an ice beast
   152 | D        | Killed an ice beast
   152 | D        | Reached *** piety under Sif Muna
   153 | D        | Reached skill level 10 in Earth Magic
   153 | D        | Reached XP level 5. HP: 32/38 MP: 4/11
   274 | D        | Learned a level 3 spell: Stone Arrow
   280 | D        | Learned a level 5 spell: Lee's Rapid Deconstruction
   284 | D        | Noticed Prince Ribbit
   284 | D        | Noticed a lemure
   284 | D        | Noticed a lemure
   293 | D        | Reached skill level 5 in Invocations
   294 | D        | Reached skill level 5 in Spellcasting
   294 | D        | Reached XP level 6. HP: 37/45 MP: 6/13
   432 | D        | Noticed Pikel
   443 | D        | Killed Pikel
   444 | D        | Reached skill level 12 in Earth Magic
   444 | D        | Your scales start taking on an icy white colour.
   444 | D        | Reached XP level 7. HP: 42/50 MP: 0/18
   444 | D        | Gained mutation: Your flesh is cold resistant. (rC+) [White
                  | Draconian growth]
   450 | D        | Reached **** piety under Sif Muna
   451 | D        | Killed Prince Ribbit
   452 | D        | Reached XP level 8. HP: 49/57 MP: 7/20
   547 | D        | Noticed a death yak
   551 | D        | Killed a death yak
   552 | D        | Reached skill level 13 in Earth Magic
   653 | D        | Reached ***** piety under Sif Muna
   653 | D        | Received a gift from Sif Muna
   682 | D        | Noticed a guardian mummy
   689 | D        | Killed a guardian mummy
   690 | D        | Reached skill level 10 in Spellcasting
   690 | D        | Reached XP level 9. HP: 62/62 MP: 1/23
  1037 | D        | Reached skill level 1 in Fighting
  1037 | D        | Reached skill level 1 in Staves
  1038 | D        | Noticed Joseph
  1039 | D        | Killed Joseph
  1040 | D        | Reached skill level 14 in Earth Magic
  1151 | D        | Noticed a cyclops
  1153 | D        | Received a gift from Sif Muna
  1155 | D        | Killed a cyclops
  1159 | D        | Noticed a kobold demonologist
  1161 | D        | Reached skill level 5 in Fighting
  1161 | D        | Reached XP level 10. HP: 81/81 MP: 8/25
  1162 | D        | Reached skill level 5 in Dodging
  1173 | D        | Learned a level 6 spell: Statue Form
  1178 | D        | Noticed a lindwurm
  1180 | D        | Learned a level 6 spell: Iron Shot
  1185 | D        | Learned a level 4 spell: Petrify
  1190 | D        | Noticed a black mamba
  1196 | D        | Killed a black mamba
  1197 | D        | Reached skill level 5 in Staves
  1197 | D        | Reached skill level 1 in Conjurations
  1198 | D        | Identified Sif Muna's Almanac of Lethal Attacks (Sif Muna
                  | gifted it to you in the Dungeon)
  1198 | D        | Received a gift from Sif Muna
  1198 | D        | Killed a lindwurm
  1198 | D        | Noticed a nagaraja
  1206 | D        | HP: 3/83 [metal wall collision (27)]
  1211 | D        | Killed from afar by a nagaraja

Illustrated notes

Levels and vault maps discovered:
D:        pitsprint [storerooms_1, entrance_room_1, metal_vault_5, armoury_2,
          mini_pit_1, grid_room_1, main_hall_1, silver_pit, the_coven_3,
          the_vestibule_1, steel_vault_1, golden_pit, hallway_of_sentries,
          crystal_vault_2, iron_vault_1, final_vault]

Skill      XL: |  1  2  3  4  5  6  7  8  9 10 |
---------------+-------------------------------+-----
Earth Magic    | 9 10 12 13 14 | 14.7
Invocations    | 4 5 8 9 11 12 13 | 13.0
Spellcasting   | 4 5 7 8 10 11 | 11.3
Fighting       | 5 6 |  6.2
Staves         | 4 5 |  5.6
Dodging        | 4 5 |  5.5
Conjurations   | 2 |  2.4
Transmutations | 2 |  2.6
Stealth        | |  1.7

Action                   |  1- 3 |  4- 6 |  7- 9 | 10-12 || total
-------------------------+-------+-------+-------+-------++-------
Melee: Unarmed           |     7 |       |       |       ||     7
       Tailslap          |     2 |     3 |       |       ||     5
       Quarterstaff      |       |    25 |     3 |     1 ||    29
 Cast: Sandblast         |       |    12 |     1 |     2 ||    15
       Lee's Rapid Decon |       |     2 |    20 |     7 ||    29
Invok: Channel Magic     |       |       |     2 |       ||     2
 Abil: Breathe Frost     |       |       |       |     1 ||     1
  Use: Scroll            |       |       |     1 |       ||     1
       Potion            |       |       |       |     3 ||     3
Armor: Skin              |       |    17 |     1 |       ||    18
Dodge: Dodged            |       |    31 |     4 |     4 ||    39

Table legend: (Time is in decaauts)
 A = Elapsed time spent in this place.
 B = Non-inter-level travel time spent in this place.
 C = Inter-level travel time spent in this place.
 D = Time resting spent in this place.
 E = Time spent auto-exploring this place.
 F = Levels seen in this place.
 G = Mean time per level.
                   A        B        C        D        E       F      G
               +--------+--------+--------+--------+--------+-----+--------+
         Total |   1215 |   1215 |      0 |    734 |      0 |   1 | 1215.0 |
       Dungeon |   1215 |   1215 |      0 |    734 |      0 |   1 | 1215.0 |
               +--------+--------+--------+--------+--------+-----+--------+

Top non-repeatable levels by time:
       D: 1215 daAuts
